 Dungeon Crawl Stone Soup version 0.19-a0-1821-g42c593c (webtiles) character file.

28 KarmaPolice the Charmwright (level 2, 0/20 HPs)
             Began as a High Elf Skald on Oct 6, 2016.
             Slain by an orc warrior
             ... wielding a +0 battleaxe
              (20 damage)
             ... on level 6 of the Dungeon.
             The game lasted 00:01:53 (1298 turns).

KarmaPolice the Charmwright (High Elf Skald)        Turns: 1298, Time: 00:01:54

Health: 0/20       AC:  3    Str: 11    XL:     2   Next: 96%
Magic:  7/7        EV: 11    Int: 15    God:
Gold:   75         SH:  0    Dex: 14    Spells: 2 memorised, 4 levels left

rFire  . . .     SeeInvis .     a - +0 falchion
rCold  . . .     Gourm    .     b - +0 leather armour
rNeg   . . .     Faith    .     (no shield)
rPois  .         Spirit   .     (no helmet)
rElec  .         Dismiss  .     (no cloak)
rCorr  .         Reflect  .     (no gloves)
MR     .....     Harm     .     (no boots)
Stlth  +.........               (no amulet)
                                (no ring)
                                (no ring)

@: no status effects
A: no striking features
a: no special abilities


You were on level 6 of the Dungeon.
You were not hungry.

You visited 1 branch of the dungeon, and saw 4 of its levels.

You collected 75 gold pieces.

Inventory:

Hand Weapons
 a - a +0 falchion (weapon)
Missiles
 g - 19 arrows
Armour
 b - a +0 leather armour (worn)
Jewellery
 j - a cursed +2 ring of dexterity {unknown}
Scrolls
 e - 2 scrolls of remove curse {unknown}
 i - 2 scrolls of identify {unknown}
 n - a scroll of blinking {unknown}
 q - a scroll of enchant armour {unknown}
Potions
 l - a potion of invisibility {unknown}
 m - a potion of beneficial mutation {unknown}
 o - a potion of cancellation {unknown}
 p - a potion of experience {unknown}
Books
 c - a book of Battle

   Spells                             Type                      Level
   a - Infusion                       Charms                       1
   b - Shroud of Golubria             Charms/Translocation         2
   c - Song of Slaying                Charms                       2
   d - Spectral Weapon                Hexes/Charms                 3
   e - Regeneration                   Charms/Necromancy            3
Comestibles
 d - a bread ration
 f - a beef jerky
 h - a meat ration
 k - a slice of pizza


   Skills:
 + Level 2.5 Fighting
 + Level 2.9 Long Blades
 - Level 0.8 Armour
 - Level 1.1 Dodging
 + Level 3.1 Spellcasting
 - Level 3.7 Charms


You had 4 spell levels left.
You knew the following spells:

 Your Spells              Type           Power        Failure   Level  Hunger
a - Infusion              Chrm           ##..         6%          1    #......
b - Shroud of Golubria    Chrm/Tloc      #.........   21%         2    ##.....


Dungeon Overview and Level Annotations

Branches:
Dungeon (2/15)

Altars:
Fedhas


Message History

You hit the orc warrior.
The orc warrior is lightly wounded.
The orc warrior closely misses you.
You hit the orc warrior but do no damage.
The orc warrior is lightly wounded.
The orc warrior barely misses you.
You riposte.
You hit the orc warrior but do no damage.
The orc warrior is lightly wounded.
You barely miss the orc warrior.
The orc warrior is lightly wounded.
The orc warrior barely misses you. The orc closely misses you.
You riposte.
You hit the orc.
The orc is heavily wounded.
Unknown command.
You barely miss the orc warrior.
The orc warrior is lightly wounded.
The orc closely misses you.
The orc warrior hits you with a battleaxe!!
Ouch! That really hurt!
You die...

###############
#..$.oo@oo.....
#.#######......
#.# ..... #.#
.... #.# ...
#o# . ..
#o#####.... .
#....o..o..
########.#.


You could see an orc warrior and 3 orcs.

Vanquished Creatures
  An adder (D:1)
  2 dart slugs (D:1)
  A giant cockroach (D:1)
  5 hobgoblins
  2 bats (D:1)
  3 frilled lizards (D:1)
  A kobold (D:1)
  A rat (D:2)
16 creatures vanquished.

Notes
Turn   | Place    | Note
-------+----------+-------------------------------------------
     0 | D:1      | KarmaPolice the High Elf Skald began the quest for the Orb.
     0 | D:1      | Reached XP level 1. HP: 14/14 MP: 4/4
   345 | D:1      | Reached XP level 2. HP: 14/19 MP: 6/6
   419 | D:1      | Learned a level 2 spell: Shroud of Golubria
   908 | D:2      | Found a blossoming altar of Fedhas.
  1008 | D:2      | Found a faded altar of an unknown god.
  1279 | D:2      | You fall through a shaft!
  1280 | D:3      | You fall through a shaft for 3 floors!
  1290 | D:6      | Noticed an orc warrior
  1294 | D:6      | Noticed a crimson imp
  1298 | D:6      | Slain by an orc warrior

Vault maps used:
D:1:      elethiomel_arrival_fortress_basement
D:2:      lemuel_round_altar, ecumenical_altar_1
D:3:      lemuel_doored_altar, uniq_jessica, uniq_crazy_yiuf_cottage, uniq_iyjb
D:6:      lemuel_coloured_pillars_altar

Skill      XL: |  1  2 |
---------------+-------+-----
Spellcasting   | 3 |  3.1
Fighting       | |  2.5
Long Blades    | |  2.9
Armour         | |  0.8
Dodging        | |  1.1
Charms         | |  3.7

Action                   || total
-------------------------++-------
Melee: Falchion          ||    54
 Cast: Shroud of Golubri ||     1
       Infusion          ||     1
  Eat: Chunk             ||     1
Armor: Leather armour    ||     8
Dodge: Dodged            ||    44
       Rpst.: Falchion   ||    14
